Map: Аура смерти РВ

Players

teryagov - Winner!

  • Race: Zerg Zerg
  • League: Master
  • Spawn Location: 5:00

Kantara

  • Race: Protoss Protoss
  • League: Diamond
  • Spawn Location: 11:00

VOD

Have the link to the VOD?

Description

Time

  • Played on: Dec. 5, 2020, 3:26 p.m.
  • Length: 12:34
Show
View Real Time Build Order
Export as new Build Order

teryagov Zerg - Winner!

Build Orders: Hatch First 

Get SALT Encoding   

  12  0:00  Drone  
  13  0:13  Overlord  
  13  0:19  Drone  
  14  0:31  Drone x2  
  16  0:49  Hatchery  
  15  0:51  Drone  
  15  0:55  Drone  
  17  0:59  Drone  
  18  1:10  Extractor  
  17  1:15  Spawning Pool  
  17  1:17  Drone  
  17  1:20  Drone  
  18  1:28  Drone  
  19  1:39  Drone  
  20  1:50  Overlord  
  20  2:01  Queen x2  
  20  2:06  Drone x2  
  26  2:20  Hatchery  
  25  2:23  Drone  
  25  2:27  Drone  
  27  2:30  Drone  
  27  2:31  Drone  
  27  2:35  Metabolic Boost  
  29  2:48  Drone x3  
  29  2:49  Overlord  
  32  2:55  Queen  
  34  3:00  Drone  
  34  3:01  Drone  
  36  3:14  Overlord  
  36  3:15  Drone x2  
  36  3:16  Drone x3  
  36  3:17  Overlord  
  41  3:31  Drone x3  
  44  3:35  Lair  
  44  3:42  Queen  
  44  3:43  Queen  
  44  3:45  Drone x3  
  44  3:46  Drone  
  52  3:52  Spore Crawler  
  52  3:53  Spore Crawler  
  52  3:54  Overlord  
  50  4:00  Drone  
  50  4:01  Drone x3  
  54  4:13  Drone  
  54  4:14  Drone x5  
  60  4:24  Spore Crawler  
  59  4:33  Hydralisk Den  
  59  4:34  Drone x3  
  61  4:40  Extractor, Drone x6  
  61  4:41  Extractor  
  61  4:43  Extractor  
  61  4:44  Extractor  
  63  4:49  Drone  
  64  4:54  Drone x2  
  64  4:56  Hatchery  
  64  4:57  Evolution Chamber, Hatchery  
  64  4:59  Evolution Chamber, Drone x2  
  64  5:17  Overlord x3  
  64  5:21  Overlord x2  
  64  5:25  Zerg Missile Weapons Level 1, Zerg Ground Armor Level 1  
  64  5:26  Grooved Spines  
  64  5:33  Overlord  
  64  5:41  Hydralisk x3  
  70  5:43  Baneling Nest  
  70  5:44  Drone x8  
  70  5:45  Drone  
  78  5:57  Hydralisk x4  
  78  6:01  Hatchery  
  78  6:03  Hydralisk  
  78  6:04  Hydralisk  
  86  6:10  Hydralisk  
  86  6:11  Hydralisk  
  92  6:13  Hydralisk  
  92  6:15  Queen  
  98  6:20  Hydralisk x2  
  98  6:22  Drone x2  
  98  6:25  Hydralisk  
  106  6:37  Muscular Augments, Drone x2  
  108  6:40  Zergling x8  
  112  6:52  Extractor  
  112  6:53  Overseer  
  111  6:56  Overlord x3  
  111  7:01  Drone  
  111  7:02  Overlord x2  
  112  7:17  Hydralisk  
  112  7:18  Hydralisk x6  
  112  7:19  Zergling x10  
  112  7:20  Zergling x4  
  133  7:23  Hydralisk x2  
  133  7:25  Drone  
  138  7:36  Hydralisk x5  
  142  7:43  Extractor  
  147  7:45  Spore Crawler x2  
  147  7:46  Spore Crawler, Hydralisk x2  
  147  7:51  Zergling x2  
  147  7:52  Zergling x6  
  147  7:55  Hydralisk  
  147  7:56  Zergling x2  
  147  7:57  Baneling  
  147  7:58  Baneling x4  
  154  7:59  Baneling x2  
  154  8:00  Zergling x2  
  155  8:07  Drone  
  155  8:08  Drone  
  155  8:11  Extractor x2  
  155  8:16  Zergling x4  
  155  8:19  Zerg Missile Weapons Level 2  
  157  8:32  Hatchery  
  156  8:36  Zergling x2  
  156  8:38  Overlord  
  156  8:39  Overlord x3  
  157  8:42  Baneling x5  
  157  8:43  Baneling x14  
  157  8:54  Overlord x3  
  157  9:01  Roach Warren  
  156  9:03  Drone x6  
  156  9:04  Spire  
  156  9:09  Drone x2  
  163  9:19  Zerg Ground Armor Level 2  
  163  9:22  Drone x2  
  165  9:27  Drone x4  
  169  9:35  Hatchery  
  168  9:47  Roach x3  
  168  9:48  Roach x10  
  194  9:55  Centrifical Hooks  
  194  9:57  Glial Reconstitution  
  194  10:13  Ravager x2  
  196  10:15  Lair  
  196  10:16  Lair, Ravager x2  
  196  10:17  Ravager  
  160  11:07  Corruptor  
  160  11:08  Corruptor x6  
  165  11:21  Hydralisk x2, Zergling x6  
  162  11:29  Hydralisk x2  
  162  11:30  Zergling x2  
  162  11:31  Roach x5  
  162  11:32  Roach x5  
  191  11:33  Roach x6  
  199  11:44  Pneumatized Carapace  
  199  11:51  Drone  
Show
View Real Time Build Order
Export as new Build Order

Kantara Protoss 

Build Orders: 1 Gate Expand 

Get SALT Encoding   

  12  0:01  Probe  
  13  0:13  Probe  
  14  0:19  Pylon  
  14  0:25  Probe  
  15  0:37  Probe (Chrono Boost)  
  15  0:40  Gateway  
  16  0:49  Probe (Chrono Boost)  
  17  0:51  Assimilator  
  17  0:55  Probe (Chrono Boost)  
  18  1:04  Probe  
  19  1:16  Probe  
  20  1:26  Nexus  
  20  1:37  Cybernetics Core  
  20  1:39  Probe  
  21  1:47  Assimilator  
  21  1:51  Probe  
  22  1:55  Pylon  
  22  2:03  Probe  
  23  2:13  Adept  
  25  2:15  Probe  
  26  2:27  Probe  
  26  2:29  Warp Gate  
  27  2:33  Stargate  
  27  2:39  Probe (Chrono Boost)  
  27  2:43  Adept  
  31  2:45  Probe (Chrono Boost)  
  31  2:49  Probe (Chrono Boost)  
  32  2:52  Shield Battery  
  32  2:53  Probe (Chrono Boost)  
  32  2:54  Probe (Chrono Boost)  
  34  2:59  Assimilator  
  34  3:04  Probe  
  35  3:08  Void Ray (Chrono Boost), Probe  
  36  3:16  Probe  
  36  3:19  Adept  
  43  3:24  Pylon  
  44  3:27  Probe (Chrono Boost)  
  44  3:32  Assimilator  
  45  3:34  Probe (Chrono Boost)  
  45  3:37  Probe (Chrono Boost)  
  45  3:38  Void Ray  
  46  3:45  Probe  
  51  4:04  Stargate  
  51  4:05  Probe (Chrono Boost)  
  51  4:07  Probe (Chrono Boost)  
  54  4:17  Probe (Chrono Boost)  
  54  4:18  Pylon x2  
  54  4:30  Void Ray  
  54  4:36  Probe x2  
  60  4:43  Pylon  
  60  4:46  Nexus  
  60  4:47  Void Ray  
  60  4:48  Probe, Pylon  
  60  4:52  Probe  
  66  5:00  Probe  
  67  5:10  Probe  
  67  5:12  Void Ray, Probe  
  73  5:22  Probe  
  73  5:24  Probe  
  75  5:29  Void Ray  
  75  5:35  Probe  
  80  5:36  Probe  
  80  5:41  Shield Battery  
  81  5:47  Probe  
  81  5:48  Probe  
  83  5:59  Probe  
  83  6:00  Probe  
  85  6:09  Probe  
  85  6:11  Probe  
  87  6:13  Robotics Facility, Probe  
  87  6:15  Robotics Facility  
  87  6:17  Twilight Council  
  88  6:19  Forge  
  88  6:21  Assimilator, Probe  
  88  6:23  Probe (Chrono Boost), Pylon  
  88  6:25  Assimilator, Pylon  
  91  6:26  Probe (Chrono Boost)  
  91  6:33  Probe (Chrono Boost)  
  94  6:41  Probe (Chrono Boost)  
  94  6:43  Probe x2 (Chrono Boost)  
  94  6:45  Protoss Ground Weapons Level 1  
  95  6:48  Probe (Chrono Boost)  
  96  6:59  Templar Archives  
  96  7:00  Observer  
  96  7:01  Observer  
  96  7:04  Charge (Chrono Boost)  
  96  7:07  Robotics Bay  
  98  7:17  Pylon  
  98  7:19  Pylon  
  98  7:26  Pylon  
  98  7:30  Immortal  
  98  7:31  Shield Battery, Immortal  
  98  7:36  High Templar  
  108  7:41  Gateway  
  108  7:44  Gateway  
  95  8:06  Colossus x2 (Chrono Boost)  
  107  8:20  Photon Cannon x3, Shield Battery  
  107  8:21  Extended Thermal Lance  
  107  8:22  Photon Cannon, High Templar  
  107  8:24  Shield Battery  
  109  8:27  Archon  
  109  8:55  Nexus  
  109  8:56  Protoss Ground Weapons Level 2 (Chrono Boost)  
  109  8:58  Assimilator  
  109  8:59  Assimilator  
  109  9:00  Probe x3  
  112  9:05  High Templar x3  
  112  9:08  Colossus  
  124  9:10  Warp Prism  
  124  9:12  Probe  
  124  9:15  Pylon  
  124  9:16  Pylon  
  127  9:18  Pylon  
  127  9:23  Fleet Beacon  
  127  9:24  Archon  
  127  9:34  Pylon  
  127  9:36  Probe x3  
  127  9:37  Pylon  
  130  9:40  High Templar x2  
  130  9:41  High Templar  
  130  9:45  Gateway  
  136  9:47  Gateway x2  
  136  9:50  Disruptor  
  136  9:51  Gateway  
  136  9:52  Gateway  
  139  9:53  Psionic Storm  
  139  9:55  Gateway  
  139  9:58  Archon  
  139  10:02  Disruptor  
  142  10:19  Zealot x3  
  148  10:24  Void Ray x2  
  148  10:26  Disruptor  
  148  10:28  Pylon x2  
  151  10:30  Pylon  
  151  10:31  Pylon  
  151  10:35  Shield Battery  
  159  10:37  Shield Battery  
  159  10:39  Photon Cannon  
  159  10:40  Photon Cannon x2  
  159  10:43  Photon Cannon  
  159  10:44  Zealot x6  
  159  10:45  Photon Cannon  
  118  11:11  Zealot x7  
  118  11:12  Zealot x2  
  126  11:34  High Templar x3  
  126  11:35  High Templar x6  
  144  11:44  Archon x3  
  144  11:45  Archon  
  144  11:56  Disruptor x2  
  150  12:01  Pylon  
  150  12:03  Probe x4  
  150  12:05  Pylon  
  150  12:08  Pylon  
  154  12:15  Probe x2  
Tags
 
Add a new tag
Caveats
  • Supply blocks, unpowered buildings, or Contaminate may cause inaccurate times.
  • Supply counts are checked every 10 seconds.